AoeStats
← BuffDuck

MegaRandom

509436688Analyzed
4v4 RM · 6d ago on Sep 26, 2026· 23m 19s· 8 players
Game mode
Random Map
Map size
Large (8 player)
Population
200
Speed
Normal
Resources
Standard
Victory
Conquest
Starting age
Dark Age
Ending age
Imperial Age
RankedLock teamsTeams togetherTeam positionsShared explorationLock speedFull tech treeHidden civsTurbo modeCheats
Victory
Defeat
🇧🇷 Celts · Brazil
1433
+13
🇲🇽 Persians · Mexico
1407
+14
🇺🇸 Slavs · United States
1359
+16
🇦🇷 Khmer · Argentina
1351
+15
🇧🇪 Burgundians · Belgium
1377
-15
🇫🇷 Malians · France
1357
-15
🇪🇸 Tupi · Spain
1349
-14
🇬🇧 Spanish · United Kingdom
1341
-14
LanaAio
6:36 Loom
10:47 Feudal Age
11:54 Double-Bit Axe
11:52 Horse Collar
22:07 Castle Age
21:23 Heavy Plow
21:36 Bow Saw
22:52 Husbandry
22:13 Cavalier
Soul Ledger
10:18 Loom
12:46 Feudal Age
18:36 Double-Bit Axe
22:53 Castle Age
21:35 Bloodlines
SteveROGERS
0:59 Loom
10:55 Feudal Age
11:06 Champi Runner
12:24 Double-Bit Axe
22:34 Castle Age
21:05 Gold Mining
21:59 Scale Mail Armor
21:42 Horse Collar
ToileTh
7:15 Loom
9:37 Feudal Age
19:20 Bloodlines
20:35 Gold Mining
22:52 Castle Age
22:08 Scale Barding Armor
22:50 Forging
BuffDuck
11:36 Feudal Age
10:17 Loom
12:18 Double-Bit Axe
17:01 Castle Age
15:18 Forging
14:54 Horse Collar
16:10 Bloodlines
17:05 Light Cavalry
18:16 Husbandry
21:19 Town Watch
22:12 Bow Saw
24:06 Wheelbarrow
23:56 Scale Barding Armor
[GDL] ColimoteStudioS
8:07 Loom
10:03 Feudal Age
19:13 Castle Age
17:34 Double-Bit Axe
17:37 Horse Collar
19:05 Bloodlines
19:24 Fletching
19:47 Forging
20:00 Gold Mining
21:46 Scale Barding Armor
MHT. Nahuel 047
6:03 Loom
9:37 Feudal Age
10:20 Double-Bit Axe
10:17 Horse Collar
16:09 Forging
20:50 Castle Age
19:38 Bloodlines
19:26 Gold Mining
20:05 Scale Barding Armor
21:41 Husbandry
21:04 Light Cavalry
22:11 Chain Barding Armor
Chagas
6:24 Loom
6:55 Loom
9:41 Feudal Age
10:12 Man-at-Arms
11:19 Double-Bit Axe
12:47 Horse Collar
21:05 Castle Age
19:10 Stone Mining
22:38 Bow Saw
22:49 Scale Mail Armor
23:45 Chain Mail Armor
Connection lost

Rejoining the realm…

Still unreachable

The connection could not be restored.

Session expired

The server has moved on; the page needs a fresh start.